 Dungeon Crawl Stone Soup version 0.31.0-32-g396128a36d (webtiles) character file.

Game seed: 12004853022337106384

16000 ChadusMaximus the Summoner (level 12, -4/94 HPs)
             Began as a Barachi Summoner on Mar 10, 2024.
             Was a Priest of Hepliaklqana.
             Slain by a large abomination (16 damage)
             ... on level 2 of the Abyss.
             The game lasted 00:19:38 (10317 turns).

ChadusMaximus the Summoner (Barachi Summoner)      Turns: 10317, Time: 00:19:39

Health: -4/94      AC: 10    Str:  7    XL:     12   Next: 32%
Magic:  21/24      EV: 10    Int: 27    God:    Hepliaklqana [***...]
Gold:   653        SH: 11    Dex: 13    Spells: 14/28 levels left

rFire   + . .        E - +9 mace of Vuiz {drain, rPois Will- Int+4}
rCold   + . .        M - +0 kite shield
rNeg    + . .        P - +0 steam dragon scales
rPois   +            n - +2 helmet {SInv}
rElec   +            A - +0 cloak
rCorr   +            (no gloves)
SInv    +            K - +0 pair of boots
Will    .....        C - amulet of regeneration
Stlth   ++           e - ring of positive energy
HPRegen 0.00/turn    Q - +6 ring of intelligence
MPRegen 0.19/turn

%: no passive effects
@: mighty, about to teleport, resistant (expiring), unable to hop, sick, unable
to call your familiar, slow
A: reduced essence, amphibious, slowness 1, strong legs 1, +LOS, mutation
resistance 1, [dopey 1], ([teleportitis 1]), [weak 2], [inability to read after
injury 1]
a: Hop, Renounce Religion, Recall Ancestor, Ancestor Identity, Transference


You were on level 2 of the Abyss.
You worshipped Hepliaklqana.
Hepliaklqana was most pleased with you.
You visited 2 branches of the dungeon, and saw 11 of its levels.
You visited the Abyss 1 time.

You collected 653 gold pieces.

Inventory:

Hand Weapons
 c - a +0 flail
 h - a +0 sling
 w - a +0 flail of protection
 z - a +2 quarterstaff of chaos
 E - the +9 mace of Vuiz (weapon) {drain, rPois Will- Int+4}
   (You found it on level 6 of the Dungeon)

   Int+4:     It affects your intelligence (+4).
   rPois:     It protects you from poison Will-: It decreases your willpower.
Missiles
 v - a throwing net
Armour
 n - a +2 helmet of see invisible (worn)
 x - a +2 chain mail of cold resistance
 A - a +0 cloak (worn)
 K - a +0 pair of boots (worn)
 M - a +0 kite shield (worn)
 N - a +1 ring mail of positive energy
 P - +0 steam dragon scales (worn)
 R - a +1 ring mail of willpower
Jewellery
 e - a ring of positive energy (left hand)
 C - an amulet of regeneration (around neck)
 F - a ring of resist corrosion
 Q - a +6 ring of intelligence (right hand)
Wands
 p - a wand of iceblast (21)
 s - a wand of charming (12)
 B - a wand of mindburst (24)
 O - a wand of light (19)
Scrolls
 d - 4 scrolls of amnesia
 g - a scroll of enchant armour
 j - a scroll of poison
 t - a scroll of vulnerability
 u - a scroll of noise {unknown}
 D - a scroll of enchant weapon {unknown}
 G - a scroll of acquirement {unknown}
 H - a scroll of fear {unknown}
 J - a scroll of fog {unknown}
 L - 2 scrolls of blinking {unknown}
 T - a scroll of immolation {unknown}
Potions
 b - 5 potions of magic
 f - 3 potions of enlightenment
 i - a potion of curing
 k - 3 potions of brilliance
 l - a potion of degeneration {unknown}
 m - a potion of might
 o - a potion of mutation
 q - 2 potions of resistance
 r - 2 potions of heal wounds {unknown}
 I - a potion of attraction {unknown}
Miscellaneous
 a - a condenser vane


   Skills:
 * Level 13.3 Fighting
 - Level 2.1 Dodging
 - Level 1.7 Stealth
 + Level 8.9 Shields
 - Level 8.6 Spellcasting
 - Level 14.4 Summonings


You had 14 spell levels left.
You knew the following spells:

 Your Spells              Type           Power      Damage    Failure   Level
a - Summon Small Mammal   Summ           100%       N/A       1%          1
b - Call Canine Familiar  Summ           74%        N/A       1%          3
c - Call Imp              Summ           100%       N/A       1%          2
d - Summon Lightning Spi  Summ/Air       50%        N/A       11%         4
e - Summon Blazeheart Go  Fire/Summ      50%        N/A       11%         4

Your spell library contained the following spells:

 Spells                   Type           Power      Damage    Failure   Level
 Kiss of Death            Conj/Necr      44%        2d8       22%         1
 Sandblast                Erth           22%        2d7       22%         1
 Ensorcelled Hibernation  Hex/Ice        22%        N/A       32%         2
 Static Discharge         Conj/Air       22%        3-4/arc   32%         2
 Frozen Ramparts          Ice            22%        1d4       54%         3
 Fugue of the Fallen      Necr           11%        N/A       54%         3
 Passwall                 Erth           11%        N/A       54%         3
 Stone Arrow              Conj/Erth      22%        3d8       54%         3
 Airstrike                Air            5%         2d(1-17)  91%         4
 Anguish                  Hex/Necr       5%         N/A       91%         4
 Brom's Barrelling Bould  Conj/Erth      11%        2d3       91%         4
 Leda's Liquefaction      Alch/Erth      5%         N/A       91%         4
 Petrify                  Alch/Erth      11%        N/A       91%         4
 Metabolic Englaciation   Hex/Ice        5%         N/A       99%         5


Dungeon Overview and Level Annotations

Branches:
Dungeon (10/15)            Temple (1/1) D:6             Orc (0/2) D:10
   Lair: D:8-11

Altars:
Ashenzari
Cheibriados
Dithmenos
Elyvilon
Fedhas
Gozag
Hepliaklqana
Kikubaaqudgha
Makhleb
Nemelex Xobeh
Okawaru
Qazlal
Ru
Sif Muna
Trog
Uskayaw
Vehumet
Wu Jian
Xom
Yredelemnul
Zin
The Shining One

Shops:
D:6 !   D:7 *   D:8 [

Annotations:
D:10 Erolcha


Innate Abilities, Weirdness & Mutations

Your life essence is reduced to manifest your ancestor. (-10% HP)
You are amphibious.
You cover ground slowly.
You can hop short distances.
You have an extended range of vision and can be seen from far away.
You are somewhat resistant to further mutation.
[You are dopey. (Int -2)]
[((You are occasionally teleported next to monsters.))]
[You are very weak. (Str -4)]
[You occasionally lose the ability to read scrolls when taking damage.]


Message History

The ufetubus is severely wounded.
The ufetubus barely misses you. You block the ufetubus's attack.
Your cerulean imp barely misses the ufetubus.
The ynoxinul hits your inugami but does no damage.
Your inugami hits the ynoxinul. You block the ufetubus's attack.
The ufetubus barely misses you.
Your cerulean imp misses the ufetubus.
The ynoxinul misses your inugami.
Unknown command.
Magic courses through your body. You block the ufetubus's attack.
The ufetubus misses you.
Your inugami barely misses the ynoxinul.
Your cerulean imp misses the ufetubus.
You block the ufetubus's attack. The ufetubus barely misses you.
The ynoxinul gestures at you. The iron shot hits your inugami!!
Your inugami dies!
Your inugami disappears in a puff of smoke!
Casting: Summon Lightning Spire (dangerous; 11% risk of failure)
Confirm with . or Enter, or press ? or * to list all spells.
You don't know that spell.
Casting: Summon Lightning Spire (dangerous; 11% risk of failure)
Confirm with . or Enter, or press ? or * to list all spells.
A fiery spirit appears, bound in slag iron.
You block the ufetubus's attack. The ufetubus barely misses you.
Your cerulean imp hits the ufetubus with a +1 spear.
The ufetubus dies!
The ufetubus disappears in a puff of smoke!
The ynoxinul gestures at you.
The iron shot hits your blazeheart golem!!
You swap places.
You start to feel less resistant.
Your cerulean imp hits the ynoxinul but does no damage.
Your blazeheart golem barely misses the ynoxinul.
The ynoxinul gestures at your cerulean imp.
The iron shot hits your blazeheart golem!!
You block the large abomination's attack.
You hit the large abomination but do no damage.
The ynoxinul hits your blazeheart golem!
The large abomination hits you!
You die...

# . ### # .. .# .# #. #.#
# #. # #. . # #.# #.####
###. # ..# #
..#..#...#####55##.##.# $#
. .......X@93355'.≈..≈ .
##############55##.##.##?#
#8####..#### ## #. #..# #
.# #..## ...# # .#


You could see a large abomination, 2 ynoxinuls, 6 ufetubi and a friendly
blazeheart golem (summoned).

Vanquished Creatures
  A wretched star (Abyss:2)
  A worldbinder (Abyss:2)
  A small abomination (Abyss:2)
  2 wyverns (D:10)
  A wraith (D:10)
  A water moccasin (D:7)
  An ice beast (D:7)
  3 orc warriors
  2 kobold brigands
  2 bullfrogs
  A killer bee (D:9)
  3 orc priests
  A hound (D:6)
  An iguana (D:5)
  A starcursed mass (Abyss:2)
  5 orc wizards
  4 gnolls
  2 adders
  2 shadow imps
  2 white imps
  2 ufetubi (D:7)
  A dart slug (D:3)
  7 orcs
  2 bats (D:2)
  8 endoplasms
  A giant cockroach (D:3)
  5 goblins
  8 hobgoblins
  A quokka (D:3)
  2 frilled lizards
  2 kobolds
  3 rats (D:1)
79 creatures vanquished.

Vanquished Creatures (collateral kills)
  A tentacled starspawn (Abyss:2)
  A wretched star (Abyss:2)
  Nergalle (D:10)
  An arcanist (D:10)
  7 ugly things (D:10)
  A smoke demon (Abyss:2)
  A centaur skeleton (Abyss:2)
  Maggie (D:9)
  A troll (D:9)
  Prince Ribbit (D:7)
  A wraith (D:10)
  A ynoxinul (Abyss:2)
  4 wyverns
  2 small abominations (Abyss:2)
  11 starcursed masses (Abyss:2)
  5 yaks (D:10)
  The ghost of Quickbrownfox the Changeling, an amateur DsSh (D:4)
  Edmund (D:4)
  3 water moccasins
  A nameless horror (D:10)
  An orc warrior (D:9)
  3 ice beasts
  2 black bears (D:5)
  An ogre (D:6)
  4 laughing skulls (Abyss:2)
  A centaur (D:10)
  A phantom (D:4)
  A brain worm (Abyss:2)
  A kobold brigand (D:4)
  A scorpion (D:5)
  4 gnoll sergeants
  A bullfrog (D:3)
  7 wights
  4 killer bees (D:9)
  2 howler monkeys (D:10)
  3 hounds
  2 quasits (Abyss:2)
  A bombardier beetle (D:6)
  5 orc priests
  Crazy Yiuf (D:4)
  A gnoll bouda (D:7)
  A sleepcap (D:5)
  Natasha (twice) (D:2)
  6 orc wizards
  Robin (D:2)
  35 gnolls
  4 adders
  A shadow imp (D:5)
  2 ufetubi (D:6)
  3 ribbon worms
  21 orcs
  4 endoplasms
  2 giant cockroaches (D:1)
  9 goblins
  4 hobgoblins
  19 kobolds
  2 quokkas
  2 ball pythons
  4 bats
  A frilled lizard (D:2)
  2 rats
  A starspawn tentacle (Abyss:2)
219 creatures vanquished.

Vanquished Creatures (others)
  6 knights
  An ancestor (D:7)
  A goblin (D:2)
  A blazeheart core (D:10)
  3 starspawn tentacles (Abyss:2)
12 creatures vanquished.

Grand Total: 310 creatures vanquished

Notes
Turn   | Place    | Note
-------+----------+-------------------------------------------
     0 | D:1      | ChadusMaximus the Barachi Summoner began the quest for the
                  | Orb.
     0 | D:1      | Reached XP level 1. HP: 13/13 MP: 3/3
    33 | D:1      | Reached skill level 5 in Summonings
    49 | D:1      | Reached XP level 2. HP: 9/19 MP: 0/5
   476 | D:1      | Reached XP level 3. HP: 24/24 MP: 2/7
   911 | D:2      | Learned a level 3 spell: Call Canine Familiar
   914 | D:2      | Learned a level 2 spell: Call Imp
   923 | D:2      | Noticed Natasha
   933 | D:2      | Killed Natasha
   934 | D:2      | Reached skill level 6 in Summonings
  1107 | D:2      | Reached XP level 4. HP: 30/30 MP: 8/8
  1112 | D:2      | You fall into a shaft and drop 1 floor!
  1115 | D:3      | Noticed a bullfrog
  1120 | D:3      | Killed a bullfrog
  1183 | D:3      | Reached XP level 5. HP: 25/35 MP: 6/10
  1786 | D:2      | Noticed Robin
  1802 | D:2      | Reached skill level 7 in Summonings
  1812 | D:2      | Killed Robin
  2113 | D:2      | Noticed Natasha
  2122 | D:2      | Killed Natasha
  2391 | D:3      | Reached XP level 6. HP: 34/41 MP: 5/11
  2957 | D:4      | Reached skill level 8 in Summonings
  3135 | D:4      | Reached XP level 7. HP: 34/46 MP: 9/13
  3244 | D:4      | Found a bloodstained altar of Trog.
  3382 | D:4      | Noticed Edmund
  3441 | D:4      | Killed Edmund
  3575 | D:4      | Found a runed translucent gate.
  3577 | D:4      | Noticed Quickbrownfox's ghost (amateur DsSh)
  3578 | D:4      | Found a runed translucent gate.
  3579 | D:4      | Found a runed translucent gate.
  3717 | D:4      | Reached skill level 9 in Summonings
  3841 | D:4      | Found a runed translucent door.
  3842 | D:4      | Noticed Crazy Yiuf
  4008 | D:4      | Killed Crazy Yiuf
  4009 | D:4      | Reached skill level 5 in Spellcasting
  4072 | D:4      | Learned a level 4 spell: Summon Lightning Spire
  4115 | D:4      | Killed Quickbrownfox's ghost
  4207 | D:5      | Entered Level 5 of the Dungeon
  4240 | D:5      | Reached skill level 10 in Summonings
  4240 | D:5      | Reached XP level 8. HP: 27/52 MP: 11/16
  4328 | D:5      | Gained mutation: You are somewhat resistant to further
                  | mutation. [potion of mutation]
  4725 | D:5      | Reached skill level 11 in Summonings
  4883 | D:5      | Found an iron altar of Okawaru.
  5123 | D:6      | Found Xaogyu Wulau's Distillery.
  5187 | D:6      | Found a staircase to the Ecumenical Temple.
  5218 | Temple   | Entered the Ecumenical Temple
  5261 | Temple   | Became a worshipper of Hepliaklqana the Forgotten
  5294 | D:6      | Identified the +9 mace of Vuiz {drain, rPois Will- Int+4}
  5422 | D:6      | Reached XP level 9. HP: 30/57 MP: 13/19
  5508 | D:6      | Reached skill level 12 in Summonings
  5840 | D:7      | Found a burning altar of Makhleb.
  5845 | D:7      | Noticed Prince Ribbit
  5854 | D:7      | Killed Prince Ribbit
  6166 | D:7      | Reached skill level 13 in Summonings
  6303 | D:7      | Reached * piety under Hepliaklqana
  6707 | D:7      | Found Ryutac's Assorted Antiques.
  7089 | D:7      | Learned a level 4 spell: Summon Blazeheart Golem
  7337 | D:8      | Reached ** piety under Hepliaklqana
  7338 | D:8      | Remembered your ancestor Citlalmina as a knight
  7363 | D:8      | Reached skill level 14 in Summonings
  7381 | D:8      | Found a hide-covered altar of Uskayaw.
  7474 | D:8      | Reached XP level 10. HP: 56/56 MP: 22/22
  7629 | D:8      | Found Qogidd's Armour Emporium.
  7871 | D:8      | Found a shimmering altar of Xom.
  8108 | D:9      | Reached skill level 1 in Fighting
  8180 | D:9      | Reached skill level 1 in Shields
  8344 | D:9      | Noticed Maggie
  8352 | D:9      | Killed Maggie
  8773 | D:9      | Reached skill level 5 in Fighting
  8904 | D:10     | Entered Level 10 of the Dungeon
  8928 | D:10     | Found a radiant altar of Vehumet.
  8942 | D:10     | Found an ancient bone altar of Kikubaaqudgha.
  8958 | D:10     | Got Kikubaaqudgha's Folio of Lamentation
  8970 | D:10     | Found a shimmering blue altar of Sif Muna.
  9016 | D:10     | Reached *** piety under Hepliaklqana
  9134 | D:10     | Noticed a purple ugly thing
  9134 | D:10     | Noticed a purple ugly thing
  9135 | D:10     | Noticed a purple ugly thing
  9135 | D:10     | Noticed a purple ugly thing
  9136 | D:10     | Noticed a cyan ugly thing
  9139 | D:10     | Noticed Nergalle
  9141 | D:10     | Killed a purple ugly thing
  9142 | D:10     | Noticed a cyan ugly thing
  9182 | D:10     | Killed a purple ugly thing
  9183 | D:10     | Reached skill level 5 in Shields
  9183 | D:10     | Reached XP level 11. HP: 68/77 MP: 1/23
  9204 | D:10     | Killed a purple ugly thing
  9206 | D:10     | Killed Nergalle
  9206 | D:10     | Killed a cyan ugly thing
  9209 | D:10     | Killed a red ugly thing
  9213 | D:10     | Killed a purple ugly thing
  9327 | D:10     | Noticed an arcanist
  9328 | D:10     | Noticed a white ugly thing
  9335 | D:10     | Killed a white ugly thing
  9336 | D:10     | Reached skill level 10 in Fighting
  9336 | D:10     | Killed an arcanist
  9643 | D:10     | Found a staircase to the Orcish Mines.
  9752 | D:10     | Noticed Erolcha
  9784 | Abyss:2  | Found a corrupted altar of Lugonu.
  9784 | Abyss:2  | Cast into level 2 of the Abyss (Erolcha)
  9933 | Abyss:2  | Noticed a wretched star
  9953 | Abyss:2  | Killed a wretched star
 10023 | Abyss:2  | Noticed a wretched star
 10039 | Abyss:2  | Killed a wretched star
 10040 | Abyss:2  | Reached XP level 12. HP: 35/71 MP: 13/24
 10126 | Abyss:2  | Noticed a starcursed mass
 10227 | Abyss:2  | Noticed a starcursed mass
 10262 | Abyss:2  | Noticed a wretched star
 10265 | Abyss:2  | Noticed a starcursed mass
 10272 | Abyss:2  | Noticed an ophan
 10281 | Abyss:2  | Noticed a tentacled starspawn
 10284 | Abyss:2  | HP: 1/92 [brain worm/psychic fangs (8)]
 10299 | Abyss:2  | Killed a tentacled starspawn
 10317 | Abyss:2  | Slain by a large abomination

Illustrated notes

Levels and vault maps discovered:
D:1:      psy_arrival_dodecagon, layout_rooms, serial_corexii_hall,
          corexii_hall_statues_x, corexii_hall_statues_x,
          hangedman_abyss_or_decor_lesser_grid
D:2:      layout_loops_corners, uniq_natasha, uniq_robin
D:3:      layout_rooms
D:4:      layout_loops_ring, trog_three_pillars_becter,
          gammafunk_ghost_nasty_kobolds, uniq_crazy_yiuf_cottage, uniq_edmund
D:5:      layout_basic, hellmonk_okawaru_the_only_friend_you_need
D:6:      layout_basic, minmay_temple_entry_grid, serial_shops,
          nicolae_stop_n_shop_2, kennysheep_generic_room_9
D:7:      layout_gridville, mainiacjoe_overflow_chevrons, serial_shops,
          nicolae_shop_hallway_plus, uniq_prince_ribbit1
D:8:      layout_loops_ring, xom_teletrap_fun, nicolae_uskayaw_suspiria,
          serial_shops, kennysheep_little_box
D:9:      layout_roguey, uniq_maggie
D:10:     cheibrodos_breeding_chamber, layout_basic,
          palyth_temple_overflow_mages, minmay_lair_entry_grove,
          nicolae_shop_firing_range, uniq_nergalle, uniq_erolcha, uniq_josephine
Temple:   eino_temple_water
Abyss:2:  base: D:10, hangedman_cross_veins

Skill      XL: |  1  2  3  4  5  6  7  8  9 10 11 12 |
---------------+-------------------------------------+-----
Summonings     | 5 6 7 8 10 11 14 | 14.4
Spellcasting   | 3 4 5 6 8 |  8.6
Fighting       | 8 12 13 | 13.3
Shields        | 5 7 8 |  8.9
Dodging        | |  2.1
Stealth        | |  1.7

Action                     |  1- 3 |  4- 6 |  7- 9 | 10-12 || total
---------------------------+-------+-------+-------+-------++-------
  Melee: Flail             |    54 |    24 |       |       ||    78
         Mace              |       |       |    44 |    98 ||   142
   Fire: Sling             |       |   116 |   111 |       ||   227
   Cast: Summon Small Mamm |    33 |     6 |     9 |    14 ||    62
         Call Canine Famil |     1 |    14 |    33 |    27 ||    75
         Call Imp          |       |    10 |    21 |    16 ||    47
         Summon Lightning  |       |       |    16 |    35 ||    51
         Summon Blazeheart |       |       |       |     3 ||     3
 Invoke: Ancestor Life: Kn |       |       |     1 |       ||     1
Ability: Hop               |       |     1 |     3 |     4 ||     8
    Use: Scroll            |       |       |     4 |     6 ||    10
         Potion            |       |       |     1 |     7 ||     8
   Stab: Distracted        |       |       |       |     2 ||     2
 Armour: Robe              |    45 |    40 |       |       ||    85
         Animal skin       |       |    44 |   114 |    42 ||   200
         Steam dragon scal |       |       |       |   103 ||   103
  Dodge: Dodged            |    63 |    89 |   131 |    89 ||   372
  Block: Kite shield       |       |       |       |   100 ||   100
